 Dungeon Crawl Stone Soup version 0.25.0-9-g26727b657a (console) character file.

Game seed: 8818141629111086195

10343 Garrluk the Thaumaturge (level 11, -1/47 HPs)
             Began as a Spriggan Earth Elementalist on June 18, 2020.
             Was a Believer of Vehumet.
             Slain by a white ugly thing (14 damage)
             ... on level 11 of the Dungeon.
             The game lasted 00:52:36 (13049 turns).

Garrluk the Thaumaturge (SpEE)                     Turns: 13049, Time: 00:52:37

Health: -1/47      AC:  2    Str:  4    XL:     11   Next: 34%
Magic:  21/29      EV: 30    Int: 20    God:    Vehumet [**....]
Gold:   510        SH:  0    Dex: 23    Spells: 20/36 levels left

rFire    . . .     SeeInvis +   b - staff of conjuration
rCold    . . .     Gourm    .   (shield currently unavailable)
rNeg     . . .     Faith    .   c - +0 robe
rPois    .         Spirit   .   A - +0 hat
rElec    .         Reflect  .   (no cloak)
rCorr    .         Harm     .   (gloves unavailable)
MR       +....                  (boots unavailable)
Stlth    +++.......             (no amulet)
HPRegen  0.15/turn              G - +4 ring of evasion
MPRegen  0.21/turn              p - +6 ring of dexterity

@: studying Ice Magic, very quick
A: very small, unfitting armour, see invisible, herbivore, speed 3, slow
metabolism 2
a: Renounce Religion


You were on level 11 of the Dungeon.
You worshipped Vehumet.
Vehumet was pleased with you.
You were not hungry.

You visited 2 branches of the dungeon, and saw 12 of its levels.

You collected 510 gold pieces.

Inventory:

Hand Weapons
 a - a +3 dagger
 I - a +0 short sword of holy wrath
Missiles
 h - 60 poisoned darts (quivered)
 C - 109 stones
Armour
 c - a +0 robe (worn)
 A - a +0 hat (worn)
Magical Staves
 b - an uncursed staff of conjuration (weapon)
Jewellery
 k - an uncursed ring of flight
 p - a +6 ring of dexterity (right hand)
 q - an uncursed ring of fire
 v - an uncursed ring of protection from fire
 G - a +4 ring of evasion (left hand)
Wands
 o - a wand of flame (19)
 r - a wand of digging (6)
 J - a wand of clouds (6)
 N - a wand of paralysis (6)
Scrolls
 f - 5 scrolls of remove curse {unknown}
 i - 19 scrolls of identify
 l - 4 scrolls of magic mapping {unknown}
 s - 4 scrolls of enchant weapon {unknown}
 u - 4 scrolls of teleportation {unknown}
 w - 2 scrolls of amnesia {unknown}
 x - 6 scrolls of random uselessness {unknown}
 y - 3 scrolls of fear {unknown}
 B - 2 scrolls of blinking {unknown}
 E - a scroll of fog {unknown}
 F - 2 scrolls of immolation {unknown}
 L - 2 scrolls of enchant armour {unknown}
Potions
 e - 2 potions of might
 g - a potion of curing {unknown}
 j - a potion of flight
 m - a potion of brilliance
 n - 3 potions of haste
 t - a potion of resistance
 z - a potion of mutation {unknown}
 D - a potion of invisibility {unknown}
 H - 3 potions of degeneration
 K - 3 potions of stabbing
 O - a potion of berserk rage {unknown}
Books
 M - a manual of Ice Magic
Comestibles
 d - 15 rations


   Skills:
 + Level 8.5 Dodging
 - Level 3.0 Stealth
 * Level 13.3 Spellcasting
 + Level 9.7 Transmutations
 * Level 10.0 Earth Magic


You had 20 spell levels left.
You knew the following spells:

 Your Spells              Type           Power        Failure   Level  Hunger
a - Sandblast             Erth           ######       1%          1    None
b - Passwall              Tmut/Erth      ######..     1%          2    None
c - Lee's Rapid Deconstr  Erth           ######....   2%          5    ####...
d - Petrify               Tmut/Erth      ######..     1%          4    None
e - Magic Dart            Conj           ###.         4%          1    None
A - Stone Arrow           Conj/Erth      ######       1%          3    None

Your spell library contained the following spells:

 Spells                   Type           Power        Failure   Level  Hunger
 Dazzling Flash           Conj/Hex       ###...       16%         3    None


Dungeon Overview and Level Annotations

Branches:
Dungeon (11/15)            Temple (1/1) D:6            Lair (0/6) D:8
    Orc: D:9-12

Altars:
Ashenzari
Cheibriados
Dithmenos
Elyvilon
Fedhas
Gozag
Hepliaklqana
Kikubaaqudgha
Makhleb
Nemelex Xobeh
Okawaru
Qazlal
Ru
Sif Muna
Trog
Uskayaw
Vehumet
Wu Jian
Xom
Yredelemnul
Zin
The Shining One

Annotations:
D:5 Grinder
D:7 3 runed translucent doors, iamserjio's ghost, novice TrWz
D:11 Nergalle


Innate Abilities, Weirdness & Mutations

You are very small and have problems with some larger weapons.
You are too small for most types of armour.
You have supernaturally acute eyesight. (SInv)
You are a herbivore.
You cover ground extremely quickly.
You need to consume almost no food.


Message History

Press: ? - help, Shift-Dir - straight line, f/p - white ugly thing
Aim: a white ugly thing (heavily wounded)
The blast of sand hits the white ugly thing!
The white ugly thing is severely wounded.
C - 109 stones The white ugly thing headbutts you.
The white ugly thing freezes you!!
Ouch! That really hurt!
Casting: Sandblast (safe; 1% risk of failure)
Confirm with . or Enter, or press ? or * to list all spells.
Aiming: Passwall (safe; 1% risk of failure)
Press: ? - help, Dir - move target cursor, p - white ugly thing A rock wall.
Okay, then.
Unknown command.
Okay, then.
Unknown command.
The white ugly thing headbutts you.
* * * LOW HITPOINT WARNING * * *
The white ugly thing freezes you!
You die...

#.
###..##.H.......#
..
#.......#.......#
###
#########.......#
#.......#
##.......#
.#.......#
$..#.#### #.....#
#.....# #u)...#
#<@...#
#####..$.. ###


You could see a white ugly thing.

Vanquished Creatures
  3 two-headed ogres
  Urug (D:10)
  An obsidian statue (D:9)
  Psyche (D:9)
  A komodo dragon (D:8)
  A troll (D:10)
  2 hornets
  A hippogriff (D:8)
  Prince Ribbit (D:5)
  4 yaks (D:9)
  Eustachio (D:4)
  A steam dragon (D:8)
  A hungry ghost (D:8)
  Edmund (D:6)
  2 water moccasins (D:7)
  4 phantoms
  A black bear (D:10)
  2 orc warriors
  6 ogres
  4 necrophages
  4 centaurs
  A crocodile (D:10)
  A big kobold (D:8)
  5 bullfrogs
  A wyvern skeleton (D:6)
  3 scorpions
  5 killer bees
  3 wights (D:9)
  4 howler monkeys (D:8)
  A centaur zombie (D:5)
  4 crimson imps
  3 jellies
  A centaur skeleton (D:9)
  2 hounds (D:4)
  10 orc wizards
  6 orc priests
  2 bullfrog skeletons
  2 iguanas
  Natasha (twice) (D:2)
  11 worker ants
  2 hound skeletons
  A howler monkey zombie (D:10)
  8 gnolls
  11 adders
  An ooze (D:4)
  4 adder skeletons
  5 worms
  2 dart slugs
  3 leopard geckos
  34 orcs
  3 giant cockroaches
  6 goblins
  7 hobgoblins
  31 jackals
  16 kobolds
  7 quokkas
  4 ball pythons
  12 bats
  5 frilled lizards
  2 quokka skeletons
  A quokka zombie (D:5)
  9 rats
284 creatures vanquished.

Vanquished Creatures (others)
  11 plants (D:8)
11 creatures vanquished.

Grand Total: 295 creatures vanquished

Notes
Turn   | Place    | Note
-------+----------+-------------------------------------------
     0 | D:1      | Garrluk the Spriggan Earth Elementalist began the quest for
                  | the Orb.
     0 | D:1      | Reached XP level 1. HP: 9/9 MP: 5/5
   222 | D:1      | Reached skill level 3 in Spellcasting
   349 | D:1      | Reached XP level 2. HP: 13/13 MP: 7/7
   902 | D:1      | Reached XP level 3. HP: 15/16 MP: 3/9
  1325 | D:2      | Reached skill level 4 in Spellcasting
  1776 | D:2      | Reached XP level 4. HP: 21/21 MP: 7/11
  2198 | D:2      | Noticed Natasha
  2202 | D:2      | Killed Natasha
  2202 | D:2      | Reached skill level 5 in Spellcasting
  2228 | D:2      | Noticed Natasha
  2233 | D:2      | Killed Natasha
  2388 | D:3      | Reached XP level 5. HP: 24/24 MP: 13/13
  2406 | D:3      | Learned a level 2 spell: Passwall
  2410 | D:3      | Learned a level 3 spell: Stone Arrow
  2415 | D:3      | Learned a level 4 spell: Petrify
  3082 | D:3      | Reached skill level 6 in Spellcasting
  3194 | D:4      | Noticed an ogre
  3213 | D:4      | Killed an ogre
  3213 | D:4      | Reached XP level 6. HP: 10/28 MP: 13/16
  3491 | D:4      | Noticed Eustachio
  3520 | D:4      | Killed Eustachio
  3520 | D:4      | Reached skill level 7 in Spellcasting
  3520 | D:4      | Reached XP level 7. HP: 32/32 MP: 10/18
  3851 | D:4      | Reached skill level 8 in Spellcasting
  4081 | D:4      | Reached skill level 5 in Earth Magic
  5036 | D:5      | Entered Level 5 of the Dungeon
  5037 | D:5      | Reached XP level 8. HP: 36/36 MP: 21/21
  5064 | D:5      | Noticed Prince Ribbit
  5136 | D:5      | Noticed Grinder
  5145 | D:5      | Reached skill level 5 in Transmutations
  5328 | D:5      | Killed Prince Ribbit
  5593 | D:5      | Reached skill level 9 in Spellcasting
  6546 | D:6      | Reached skill level 10 in Spellcasting
  6590 | D:6      | Learned a level 5 spell: Lee's Rapid Deconstruction
  6684 | D:6      | Reached XP level 9. HP: 39/39 MP: 12/24
  6703 | D:6      | Noticed Edmund
  7510 | D:6      | Killed Edmund
  7824 | D:6      | Found a staircase to the Ecumenical Temple.
  7836 | Temple   | Entered the Ecumenical Temple
  7905 | Temple   | Became a worshipper of Vehumet
  8170 | D:7      | Found a sparkling altar of Nemelex Xobeh.
  8469 | D:7      | Reached skill level 11 in Spellcasting
  8637 | D:7      | Reached skill level 5 in Dodging
  8881 | D:7      | Noticed iamserjio's ghost (novice TrWz)
  8882 | D:7      | Found a runed translucent gate.
  8883 | D:7      | Found a runed translucent gate.
  8884 | D:7      | Found a runed translucent gate.
  8988 | D:7      | Reached * piety under Vehumet
  8988 | D:7      | Offered knowledge of Magic Dart by Vehumet.
  8993 | D:7      | Learned a level 1 spell: Magic Dart
  9119 | D:8      | Identified the cursed +0 shortbow of Yghoc {flame, rC++
                  | Str-2 Int+4}
  9484 | D:8      | Noticed a two-headed ogre
  9536 | D:7      | Killed a two-headed ogre
  9536 | D:7      | Reached XP level 10. HP: 44/44 MP: 9/26
  9746 | D:8      | Found a staircase to the Lair.
 10337 | D:8      | Reached skill level 12 in Spellcasting
 10517 | D:8      | Reached ** piety under Vehumet
 10517 | D:8      | Offered knowledge of Foxfire by Vehumet.
 10609 | D:9      | Noticed a two-headed ogre
 10668 | D:9      | Killed a two-headed ogre
 10978 | D:9      | Noticed Psyche
 11033 | D:9      | Killed Psyche
 11390 | D:9      | Noticed a two-headed ogre
 11420 | D:9      | Killed a two-headed ogre
 11420 | D:9      | Reached XP level 11. HP: 47/47 MP: 23/28
 11739 | D:9      | Noticed an obsidian statue
 11874 | D:9      | Killed an obsidian statue
 11874 | D:9      | Reached skill level 13 in Spellcasting
 11972 | D:10     | Entered Level 10 of the Dungeon
 12055 | D:10     | Offered knowledge of Dazzling Flash by Vehumet.
 12613 | D:10     | Noticed Urug
 12683 | D:10     | Killed Urug
 12683 | D:10     | Reached skill level 10 in Earth Magic
 12984 | D:11     | Noticed Nergalle
 12987 | D:11     | Noticed a spectral orc warlord
 13039 | D:11     | Noticed a white ugly thing
 13049 | D:11     | Slain by a white ugly thing

Illustrated notes

Levels and vault maps discovered:
D:1:      elethiomel_arrival_maze, layout_loops_corners, minmay_tall_x
D:2:      layout_basic, uniq_natasha
D:3:      layout_loops_cross, first_ration
D:4:      layout_rooms, minmay_manual_monstrance, uniq_eustachio
D:5:      layout_rooms, uniq_prince_ribbit1, uniq_grinder
D:6:      minmay_skewed_foursquare, layout_rooms,
          minmay_temple_entry_statues_fountains, uniq_edmund
D:7:      layout_cave_pools, nemelex_xobeh_ov_fountains_minmay,
          ebering_ghost_rock_garden
D:8:      layout_basic, david_lair_shrubbed
D:9:      minmay_statue_hallways, layout_basic, uniq_psyche
D:10:     layout_basic, uniq_urug
D:11:     layout_rooms, erik_orc_3, hangedman_fish_farm,
          grunt_gozag_breadcrumbs, uniq_sonja, uniq_nergalle
Temple:   compressed_dpeg_triangle_lava_temple

Skill      XL: |  1  2  3  4  5  6  7  8  9 10 11 |
---------------+----------------------------------+-----
Spellcasting   | 3 4 5 6 7 8 10 11 12 13 | 13.3
Earth Magic    | 3 4 5 6 8 9 10 | 10.0
Transmutations | 2 3 4 6 8 9 |  9.7
Dodging        | 6 7 8 |  8.5
Stealth        | |  3.0

Action                   |  1- 3 |  4- 6 |  7- 9 | 10-12 || total
-------------------------+-------+-------+-------+-------++-------
Melee: Short sword       |     5 |       |       |       ||     5
       Dagger            |    13 |    42 |    15 |     5 ||    75
Throw: Dart              |    15 |    42 |   151 |    90 ||   298
 Cast: Sandblast         |    42 |    60 |    84 |    78 ||   264
       Stone Arrow       |       |       |   144 |    50 ||   194
       Magic Dart        |       |       |     7 |     3 ||    10
       Petrify           |       |       |     3 |     7 ||    10
       Lee's Rapid Decon |       |       |     2 |     2 ||     4
       Passwall          |       |       |       |     1 ||     1
  Use: Scroll            |       |     1 |       |     2 ||     3
       Potion            |       |       |     9 |       ||     9
 Stab: Sleeping          |     7 |     6 |     2 |     2 ||    17
  Eat: Ration            |       |       |     3 |     2 ||     5
Armor: Robe              |     2 |     8 |     6 |       ||    16
Dodge: Dodged            |    31 |    59 |    92 |    26 ||   208
